 Dungeon Crawl Stone Soup version 0.26-a0-712-ga5a9c9c9d0 (webtiles) character file.

Game seed: 18039129262147386452

347704 Arthanis the Executioner (level 22, -28/148 HPs)
             Began as a Gargoyle Berserker on Nov 8, 2020.
             Was a High Priest of Trog.
             Killed from afar by Jory (64 damage)
             ... with a crystal spear
             ... on level 2 of the Vaults.
             The game lasted 01:38:15 (41867 turns).

Arthanis the Executioner (Gargoyle Berserker)      Turns: 41867, Time: 01:38:16

Health: -28/148    AC: 52    Str: 33    XL:     22   Next: 15%
Magic:  0/22       EV:  9    Int: 18    God:    Trog [*****.]
Gold:   3670       SH: 25    Dex:  9    Spells: 21/21 levels left

rFire    . . .     SeeInvis .   b - +2 war axe (vamp)
rCold    + . .     Faith    .   B - +0 tower shield
rNeg     + . .     Spirit   +   v - +2 crystal plate armour {rC+}
rPois    ∞         Reflect  .   g - +1 helmet of Hubris {Harm Rampage Str+8 Stlth-}
rElec    +         Harm     +   q - +0 cloak
rCorr    .         Rampage  +   K - +0 pair of gloves {archery}
MR       +++..                  Q - +2 pair of boots {Fly}
Stlth    ..........             z - brooch of Shielding {Spirit SH+8}
HPRegen  1.34/turn              o - +4 ring of evasion
MPRegen  0.18/turn              T - ring "Viteff" {rPois Str+4}

@: berserk cooldown, flying, regenerating
A: big wings, negative energy resistance 1, electricity resistance, unbreathing,
petrification resistance, rot immunity, AC +16
}: 2/15 runes: barnacled, gossamer
a: Stop Flying, Berserk, Trog's Hand, Brothers in Arms, Renounce Religion


You were on level 2 of the Vaults.
You worshipped Trog.
Trog was extremely pleased with you.
You visited 7 branches of the dungeon, and saw 36 of its levels.
You visited the Abyss 1 time.
You also visited: Gauntlet and Ice Cave.

You collected 5508 gold pieces.
You spent 1838 gold pieces at shops.

Inventory:

Hand Weapons
 a - a +4 antimagic war axe
 b - a +2 vampiric war axe (weapon)
 f - the +12 battleaxe of Prescription {flame, MR+ Int+4}
   (Trog gifted it to you on level 2 of the Vaults)

   It has been specially enchanted to burn those struck by it, causing extra
   injury to most foes and up to half again as much damage against particularly
   susceptible opponents.
   Big, fiery blades are also staple armaments of hydra-hunters.
   It affects your intelligence (+4).
   It affects your resistance to hostile enchantments.
 w - a +4 trident
 D - the +8 frozen axe "Frostbite" {freezing cloud, *Noise +Fly rC+}
   (You found it on level 3 of the Elven Halls)

   It has been specially enchanted to freeze those struck by it, causing extra
   injury to most foes and up to half again as much damage against particularly
   susceptible opponents.
   It can also slow down cold-blooded creatures.
   It protects you from cold.
   It lets you fly.
   It may make noises in combat.
 E - a +2 vorpal executioner's axe
 U - a +1 executioner's axe of flaming
Missiles
 W - 4 throwing nets (quivered)
Armour
 g - the +1 helmet of Hubris (worn) {Harm Rampage Str+8 Stlth-}
   (You found it on level 9 of the Dungeon)

   It affects your strength (+8).
   It increases damage dealt and taken.
   It bestows one free step when moving towards enemies.
   It makes you less stealthy.
 q - a +0 cloak (worn)
 v - a +2 crystal plate armour of cold resistance (worn)
 B - a +0 tower shield (worn)
 K - a +0 pair of gloves of archery (worn)
 Q - a +2 pair of boots of flying (worn)
Jewellery
 e - an uncursed ring of protection from fire
 o - a +4 ring of evasion (left hand)
 z - the brooch of Shielding (around neck) {Spirit SH+8}
   (You took it off a deep elf annihilator on level 3 of the Elven Halls)

   [amulet of guardian spirit]

   It causes incoming damage to be split between your health and magic.
   It affects your SH (+8).
 R - an uncursed ring of ice
 S - an uncursed amulet of regeneration
 T - the ring "Viteff" (right hand) {rPois Str+4}
   (You found it on level 12 of the Dungeon)

   [ring of poison resistance]

   It affects your strength (+4).
   It protects you from poison.
Wands
 p - a wand of acid (8)
 x - a wand of iceblast (42)
 X - a wand of digging (13)
 Z - a wand of disintegration (29)
Scrolls
 d - 15 scrolls of teleportation
 h - 21 scrolls of remove curse
 i - 11 scrolls of immolation
 k - 9 scrolls of enchant armour
 n - 9 scrolls of fog
 u - 10 scrolls of magic mapping
 y - 6 scrolls of fear
 A - a scroll of vulnerability
 L - a scroll of holy word
 N - 4 scrolls of blinking
 O - 7 scrolls of enchant weapon
 P - a scroll of silence
 V - 2 scrolls of identify
Potions
 c - 21 potions of curing
 j - 4 potions of mutation
 m - 2 potions of brilliance
 r - 5 potions of might
 s - 4 potions of invisibility
 t - 16 potions of lignification
 C - 7 potions of berserk rage
 F - a potion of resistance
 H - 6 potions of magic
 I - 8 potions of haste
 J - 7 potions of ambrosia
 M - 12 potions of heal wounds
 Y - 2 potions of cancellation
Miscellaneous
 l - a lightning rod (4/4)
 G - a box of beasts (3/3)


   Skills:
 + Level 18.8 Fighting
 * Level 23.4 Axes
 - Level 15.0 Armour
 - Level 6.0 Dodging
 - Level 6.0 Shields
 + Level 13.0 Evocations


You had 21 spell levels left.
You didn't know any spells.
Your spell library contained the following spells:

 Spells                   Type           Power        Failure   Level
 Animate Skeleton         Necr           #.....       100%        1
 Corona                   Hex            #......      100%        1
 Foxfire                  Conj/Fire      #...         100%        1
 Freeze                   Ice            #...         100%        1
 Corpse Rot               Necr/Air       N/A          100%        2
 Ensorcelled Hibernation  Hex/Ice        #.....       100%        2
 Confusing Touch          Hex            #.......     100%        3
 Conjure Flame            Conj/Fire      #.......     100%        3
 Dazzling Flash           Conj/Hex       #.....       100%        3
 Frozen Ramparts          Ice            #.....       100%        3
 Gell's Gravitas          Tloc           #.........   100%        3
 Ignite Poison            Fire/Tmut/Pois #.......     100%        3
 Inner Flame              Hex/Fire       #.......     100%        3
 Mephitic Cloud           Conj/Pois/Air  #.......     100%        3
 Ozocubu's Armour         Ice            #.......     100%        3
 Portal Projectile        Hex/Tloc       #.....       100%        3
 Tukima's Dance           Hex            #.......     100%        3
 Vampiric Draining        Necr           #.........   100%        3
 Dispel Undead            Necr           #.......     100%        4
 Hailstorm                Conj/Ice       #.......     100%        4
 Ice Form                 Ice/Tmut       #.......     100%        4
 Petrify                  Tmut/Erth      #.......     100%        4
 Sticky Flame             Conj/Fire      #.......     100%        4
 Summon Ice Beast         Ice/Summ       #.......     100%        4
 Agony                    Necr           #.......     100%        5
 Alistair's Intoxication  Tmut/Pois      #........    100%        5
 Excruciating Wounds      Necr           #.........   100%        5
 Fireball                 Conj/Fire      #.........   100%        5
 Irradiate                Conj/Tmut      #.........   100%        5
 Metabolic Englaciation   Hex/Ice        #.........   100%        5
 Yara's Violent Unravell  Hex/Tmut       #.........   100%        5
 Dispersal                Tloc           #.........   100%        6
 Eringya's Noxious Bog    Tmut/Pois      #.........   100%        6
 Freezing Cloud           Conj/Ice/Air   #.........   100%        6
 Ozocubu's Refrigeration  Ice            #.........   100%        6
 Simulacrum               Ice/Necr       #.........   100%        6
 Haunt                    Necr/Summ      #.........   100%        7
 Borgnjor's Revivificati  Necr           #.........   100%        8
 Disjunction              Tloc           #.........   100%        8
 Infestation              Necr           #.........   100%        8
 Necromutation            Tmut/Necr      #.........   100%        8
 Death's Door             Necr           #.........   100%        9
 Sublimation of Blood     Necr           Unusable     N/A         2

Dungeon Overview and Level Annotations

Branches:
Dungeon (15/15)            Temple (0/1) D:6            Lair (6/6) D:10
 Shoals (4/4) Lair:3       Spider (4/4) Lair:3        Slime (0/5) Lair:6
    Orc (2/2) D:9             Elf (3/3) Orc:2        Vaults (2/5) D:14
 Depths (0/5) D:15          IceCv (visited)         Gauntlet (visited)
  Crypt: Vaults:2-3

Altars:
Ashenzari
Cheibriados
Dithmenos
Elyvilon
Hepliaklqana
Kikubaaqudgha
Makhleb
Nemelex Xobeh
Okawaru
Qazlal
Ru
Sif Muna
Trog
Uskayaw
Vehumet
Xom
Yredelemnul
Zin
The Shining One
Beogh

Shops:
D:6 (   D:9 *   D:14 :   Orc:2 :}(!*=[:   Elf:1 ?   Shoals:2 *

Annotations:
D:6 exclusion: statue
Shoals:2 exclusion: 2 oklob plants
Vaults:2 Jory


Innate Abilities, Weirdness & Mutations

You are resistant to torment.
Your stone body is resilient. (AC +16)
You are immune to poison.
Your large and strong wings let you fly indefinitely.
You resist negative energy. (rN+)
You are resistant to electric shocks. (rElec)
You can survive without breathing.
You are immune to petrification.
You are immune to rotting.


Message History

The bolt hits you but does no damage.
Your two-headed ogre hits the yaktaur captain with a +0 giant spiked club!!!
Your two-headed ogre hits the yaktaur captain with a +0 giant club!!
The yaktaur captain dies!
The yaktaur captain's corpse dissolves into shadows!
The boulder beetle moves out of view.
You slice the ice dragon!!
You kill the ice dragon!
The ice dragon's corpse dissolves into shadows!
You block Jory's attack.
Your two-headed ogre hits Jory with a +0 giant spiked club!!!
Your two-headed ogre hits Jory but does no damage.
You hit the boulder beetle but do no damage.
Jory hits you but does no damage.
The boggart mumbles some strange words.
You hit the boulder beetle but do no damage.
Your two-headed ogre closely misses Jory. x2
Jory points at you and mumbles some strange words.
The crystal spear hits you!!!
You die...

##+######
#.......#
#...D...#
#......g#
#.......#
#.....V.#
#..>..O.#
#......@#
######B##
..c #....
.'....
.##....
#....
#....


You could see Jory (fast), a fire dragon (summoned), a boulder beetle, a
yaktaur, a boggart and a friendly two-headed ogre (summoned, berserk).

Vanquished Creatures
  Saint Roka (Elf:3)
  Nikola (Spider:4)
  A lich (Vaults:2)
  Rupert (Lair:6)
  2 Ice Fiends (IceCv)
  2 deep elf blademasters
  2 deep elf master archers (Elf:3)
  Polyphemus (Shoals:2)
  A kraken (Shoals:4)
  The ghost of olaf the Thaumaturge, an adept GnFE of Vehumet (Spider:3)
  Kirke (Lair:6)
  Ilsuiw (Shoals:3)
  The ghost of Fonteq the Severer, a journeyman MiBe of Trog (Shoals:2)
  10 vault wardens
  10 deep elf sorcerers
  8 emperor scorpions
  2 frost giants
  3 ghost moths
  A stone giant (Vaults:2)
  5 deep elf elementalists (Elf:3)
  4 ironheart preservers
  3 entropy weavers
  The ghost of emiel the Carver, a journeyman BaWr of Kikubaaqudgha (Lair:6)
  4 deep elf demonologists
  5 deep elf annihilators
  A minotaur (Gauntlet)
  6 merfolk javelineers
  8 deep elf death magi
  Josephine (D:10)
  9 merfolk impalers
  9 ogre magi
  3 deep elf high priests (Elf:3)
  2 fire dragons (Vaults:1)
  5 vault guards
  Erolcha (D:13)
  A great orb of eyes (Vaults:1)
  2 catoblepae
  9 hydras
  A ghost crab (Gauntlet)
  3 rakshasas
  16 two-headed ogres
  7 boulder beetles
  A centaur warrior (D:13)
  3 satyrs
  8 merfolk avatars
  28 dancing weapons
  5 merfolk aquamancers
  A death knight (Vaults:2)
  A deep troll shaman (Vaults:2)
  3 alligator snapping turtles (Shoals:4)
  A deep troll earth mage (Vaults:2)
  An alligator (Shoals:3)
  4 death yaks
  A queen ant (Spider:4)
  The ghost of Azzok the Cleaver, a novice DsBe of Trog (D:9)
  The ghost of ma3 the Cleaver, a novice DDFi of Makhleb (D:8)
  18 deep elf knights
  A shadow wraith (Vaults:2)
  Nergalle (Orc:2)
  2 skeletal warriors
  A flayed ghost (D:15)
  6 wizards
  17 sea snakes
  8 unseen horrors
  4 deep trolls (Vaults:2)
  6 orc knights
  An orange crystal statue (Spider:1)
  8 ironbrand convokers
  19 deep elf archers
  A golden dragon skeleton (D:15)
  24 harpies
  49 deep elf magi
  A wolf spider zombie (D:13)
  A sphinx skeleton (D:15)
  8 orc sorcerers
  14 orb spiders
  3 necromancers
  16 ugly things
  20 wolf spiders
  6 cyclopes
  19 manticores
  2 centaur zombies
  A moth of wrath (Spider:3)
  16 fauns
  13 merfolk sirens
  Maurice (D:10)
  6 vault sentinels
  3 black mambas
  6 water nymphs
  A guardian serpent (shapeshifter) (D:15)
  2 ice statues (IceCv)
  24 elephants
  A gargoyle (D:12)
  A cane toad (shapeshifter) (Vaults:1)
  14 cane toads
  2 torpor snails (Lair:6)
  4 centaur skeletons
  Maggie (D:7)
  A kobold demonologist (D:8)
  A redback zombie (D:15)
  7 rime drakes
  An efreet (D:15)
  13 ice devils (IceCv)
  4 freezing wraiths
  21 yaktaurs
  20 komodo dragons
  The ghost of HunterMK the Ruffian, an amateur TrBe of Qazlal (D:4)
  4 meliai
  9 demonic crawlers
  32 jumping spiders
  A guardian mummy (D:15)
  A sphinx simulacrum (Vaults:1)
  14 trolls
  7 hornets
  Prince Ribbit (D:5)
  3 wind drakes
  2 polar bears (Lair:6)
  20 merfolk
  10 blink frogs
  A fire dragon zombie (D:15)
  7 snapping turtles
  6 dream sheep (Lair:6)
  12 slime creatures
  A spriggan zombie (D:15)
  13 tarantellas
  3 starcursed masses (Abyss:3)
  8 wraiths
  11 wyverns
  4 air elementals
  4 large abominations
  70 redbacks
  18 water elementals
  31 yaks
  3 shadows
  A vampire (D:13)
  6 spriggans (Lair:2)
  3 fire elementals
  5 hogs (Lair:6)
  A steam dragon (D:11)
  A human (shapeshifter) (D:12)
  4 basilisks
  12 vampire mosquitoes
  Eustachio (D:5)
  Edmund (D:5)
  Menkaure (D:7)
  7 soldier ants
  3 wargs
  3 acid dragons
  17 water moccasins
  A hornet zombie (D:15)
  5 ice beasts
  2 sky beasts
  40 orc warriors
  6 phantoms
  An eye of draining (D:13)
  2 necrophages
  24 ogres
  3 black bears
  5 boggarts
  14 centaurs
  4 small abominations (Gauntlet)
  12 big kobolds
  Blork the orc (D:5)
  20 bullfrogs
  A glowing shapeshifter simulacrum (Vaults:1)
  4 earth elementals
  8 scorpions
  16 killer bees
  2 water moccasin skeletons
  32 wights
  10 electric eels
  5 howler monkeys
  3 bullfrog zombies
  5 hounds
  2 quasits
  2 jellies
  44 orc wizards
  A bullfrog skeleton (D:13)
  16 orc priests
  Crazy Yiuf (D:4)
  Ijyb (D:5)
  12 iguanas
  12 worker ants
  2 hound skeletons
  A hound zombie (D:7)
  Robin (D:3)
  2 worker ant zombies (D:8)
  4 gnolls (D:3)
  11 adders
  3 shadow imps
  12 white imps
  11 ufetubi
  2 adder skeletons (D:5)
  2 adder zombies
  4 worms
  2 dart slugs
  12 leopard geckos
  118 orcs
  2 ball pythons (D:6)
  9 bats
  2 giant cockroaches
  10 goblins
  10 hobgoblins
  25 jackals
  2 quokkas
  10 frilled lizards
  10 kobolds
  A leopard gecko skeleton (D:7)
  2 quokka skeletons (D:6)
  2 quokka zombies (D:9)
  7 rats
  3 tentacles (Shoals:4)
1597 creatures vanquished.

Vanquished Creatures (collateral kills)
  Bai Suzhen (Shoals:3)
  Louise (Shoals:2)
  3 sea snakes (Shoals:3)
  A manticore (Shoals:2)
  A boggart (Vaults:2)
7 creatures vanquished.

Vanquished Creatures (others)
  A merfolk aquamancer (Shoals:4)
  3 deep elf knights
  A steam dragon (Shoals:3)
  An eye of draining (Abyss:3)
  A boggart (Vaults:2)
  An earth elemental (Elf:2)
  A white imp (IceCv)
  2 ufetubi (IceCv)
  4 demonic plants (Gauntlet)
  33 fungi
  134 plants
  3 tentacles (Shoals:4)
  A withered plant (D:15)
186 creatures vanquished.

Grand Total: 1790 creatures vanquished

Notes
Turn   | Place    | Note
-------+----------+-------------------------------------------
     0 | D:1      | Arthanis the Gargoyle Berserker began the quest for the
                  | Orb.
     0 | D:1      | Reached XP level 1. HP: 14/14 MP: 1/1
    99 | D:1      | Reached XP level 2. HP: 11/19 MP: 2/2
   257 | D:1      | Reached skill level 3 in Axes
   855 | D:1      | Reached XP level 3. HP: 23/23 MP: 3/3
  1272 | D:2      | Found a basalt altar of Yredelemnul.
  1716 | D:2      | Reached ** piety under Trog
  1919 | D:2      | Reached skill level 1 in Shields
  2097 | D:2      | Reached XP level 4. HP: 29/29 MP: 4/4
  2379 | D:3      | Reached XP level 5. HP: 33/33 MP: 5/5
  2562 | D:3      | Reached skill level 4 in Axes
  2729 | D:3      | Found a sparkling altar of Nemelex Xobeh.
  3163 | D:3      | Reached XP level 6. HP: 38/38 MP: 6/6
  3314 | D:3      | Noticed Robin
  3326 | D:3      | Killed Robin
  3556 | D:4      | Reached *** piety under Trog
  3604 | D:4      | Found a broken altar of Ashenzari.
  3994 | D:4      | Found a runed translucent door.
  3995 | D:4      | Noticed HunterMK's ghost (amateur TrBe)
  4050 | D:4      | Found a runed translucent door.
  4051 | D:4      | Noticed Crazy Yiuf
  4059 | D:4      | Killed Crazy Yiuf
  4059 | D:4      | Reached XP level 7. HP: 44/44 MP: 5/7
  4320 | D:4      | Found a hazy altar of Hepliaklqana.
  4418 | D:4      | Found a snail-covered altar of Cheibriados.
  4418 | D:4      | Found an ancient bone altar of Kikubaaqudgha.
  4480 | D:5      | Entered Level 5 of the Dungeon
  4480 | D:5      | Noticed Blork the orc
  4489 | D:5      | Killed Blork the orc
  4489 | D:5      | Reached skill level 5 in Axes
  4727 | D:5      | Reached skill level 5 in Fighting
  5291 | D:5      | Found a glowing silver altar of Zin.
  5517 | D:5      | Noticed Prince Ribbit
  5530 | D:5      | Reached XP level 8. HP: 50/50 MP: 8/8
  5608 | D:5      | Noticed Eustachio
  5646 | D:6      | Found Eruyn's Antique Weapon Emporium.
  5667 | D:6      | Reached skill level 6 in Axes
  5683 | D:6      | Bought a glowing broad axe for 210 gold pieces
  5704 | D:5      | Reached skill level 5 in Armour
  5714 | D:5      | Killed Eustachio
  5779 | D:5      | Noticed Ijyb
  5789 | D:5      | Killed Prince Ribbit
  5797 | D:5      | Killed Ijyb
  5935 | D:5      | Found a glowing golden altar of the Shining One.
  5936 | D:5      | Found a white marble altar of Elyvilon.
  6050 | D:5      | Noticed Edmund
  6057 | D:5      | Killed Edmund
  6057 | D:5      | Reached skill level 7 in Axes
  6111 | D:5      | Found a shimmering altar of Xom.
  6246 | D:6      | Reached XP level 9. HP: 56/56 MP: 9/9
  6248 | D:6      | Found a radiant altar of Vehumet.
  6267 | D:6      | Reached **** piety under Trog
  6445 | D:6      | Reached skill level 8 in Axes
  6522 | D:6      | Found a staircase to the Ecumenical Temple.
  6809 | D:7      | Noticed Maggie
  6826 | D:7      | Killed Maggie
  6989 | D:7      | Noticed Menkaure
  6995 | D:7      | Killed Menkaure
  7268 | D:7      | Found an iron altar of Okawaru.
  7369 | D:8      | Found a hide-covered altar of Uskayaw.
  7387 | D:8      | Reached skill level 9 in Axes
  7416 | D:8      | Found a stormy altar of Qazlal.
  7426 | D:8      | Found a bloodstained altar of Trog.
  7436 | D:8      | Reached XP level 10. HP: 64/64 MP: 10/10
  7446 | D:8      | Found a runed translucent gate.
  7447 | D:8      | Found a runed translucent gate.
  7449 | D:8      | Noticed ma3's ghost (novice DDFi)
  7455 | D:8      | Found a runed translucent gate.
  7458 | D:8      | Noticed a kobold demonologist
  7458 | D:8      | Identified the +7 dagger "Jauhyr" {venom, +Blink Int+7
                  | Dex+5}
  7467 | D:8      | Reached ***** piety under Trog
  7477 | D:8      | Reached skill level 1 in Evocations
  7584 | D:8      | Received a gift from Trog
  7790 | D:8      | Noticed a soul eater
  7792 | D:8      | Killed a kobold demonologist
  7810 | D:8      | Killed ma3's ghost
  7866 | D:9      | Found a sacrificial altar of Ru.
  7935 | D:9      | Reached skill level 10 in Axes
  8151 | D:9      | Found a shadowy altar of Dithmenos.
  8302 | D:9      | Found a burning altar of Makhleb.
  8346 | D:9      | Found Byapihent's Assorted Antiques.
  8354 | D:9      | Bought a scroll of fog for 62 gold pieces
  8354 | D:9      | Bought a scroll labeled XEWIET SORCHUD for 31 gold pieces
  8354 | D:9      | Bought a scroll labeled ADEDGH IHUPLOE for 31 gold pieces
  8354 | D:9      | Bought a brown potion for 27 gold pieces
  8397 | D:9      | Found a staircase to the Orcish Mines.
  8560 | D:9      | Found a runed translucent gate.
  8561 | D:9      | Noticed Azzok's ghost (novice DsBe)
  8561 | D:9      | Found a runed translucent gate.
  8561 | D:9      | Identified the +4 flail "Otid" {drain, *Contam +Blink rN+++
                  | MR+}
  8561 | D:9      | Identified the +1 chain mail of Honour {MP+9 Str+2}
  8562 | D:9      | Found a runed translucent gate.
  8568 | D:9      | Found a roughly hewn altar of Beogh.
  8780 | D:4      | Killed HunterMK's ghost
  8918 | D:10     | Entered Level 10 of the Dungeon
  8932 | D:10     | Reached XP level 11. HP: 60/71 MP: 11/11
  8975 | D:10     | Noticed a two-headed ogre
  8986 | D:10     | Killed a two-headed ogre
  9018 | D:10     | Noticed Maurice
  9151 | D:10     | Killed Maurice
  9312 | D:10     | Found a staircase to the Lair.
  9490 | D:10     | Noticed Josephine
  9496 | D:10     | Killed Josephine
  9501 | D:10     | Reached skill level 11 in Axes
 10522 | D:11     | Noticed a five-headed hydra
 10532 | D:11     | Killed a five-headed hydra
 10532 | D:11     | Reached skill level 10 in Fighting
 10621 | D:11     | Received a gift from Trog
 10773 | D:11     | Reached skill level 10 in Armour
 10911 | D:11     | Reached XP level 12. HP: 63/78 MP: 12/12
 11079 | D:11     | Reached skill level 12 in Axes
 11966 | D:12     | Noticed an ogre mage
 11967 | D:12     | Noticed a two-headed ogre
 11967 | D:12     | Noticed a two-headed ogre
 11975 | D:12     | Killed an ogre mage
 11982 | D:12     | Killed a two-headed ogre
 11989 | D:12     | Killed a two-headed ogre
 12050 | D:12     | Reached skill level 13 in Axes
 12415 | D:12     | Noticed a two-headed ogre
 12421 | D:12     | Killed a two-headed ogre
 12427 | D:12     | Received a gift from Trog
 12428 | D:12     | Got a translucent broad axe {god gift}
 12432 | D:12     | Identified the +3 broad axe of Ufyq {vorpal, *Noise rPois
                  | SInv} (Trog gifted it to you on level 12 of the Dungeon)
 12463 | D:12     | Noticed a boulder beetle
 12472 | D:12     | Reached XP level 13. HP: 86/86 MP: 13/13
 12584 | D:12     | Reached skill level 14 in Axes
 12738 | D:12     | Got a slimy amber ring
 12827 | D:12     | Identified the +10 arbalest of an ice cave {elec, rElec
                  | SInv}
 13322 | D:12     | Identified the ring "Viteff" {rPois Str+4} (You found it on
                  | level 12 of the Dungeon)
 13806 | D:13     | Noticed Erolcha
 13816 | D:13     | Killed Erolcha
 13928 | D:13     | Reached skill level 15 in Axes
 14689 | D:14     | Found a gate to the Vaults.
 14701 | D:14     | Paralysed by a wizard for 5 turns
 14702 | D:14     | Noticed a rakshasa
 14724 | D:14     | Killed a rakshasa
 14724 | D:14     | Gained mutation: Your large and strong wings let you fly
                  | indefinitely. [Gargoyle growth]
 14724 | D:14     | Reached XP level 14. HP: 94/94 MP: 14/14
 14864 | D:14     | Found Usaciragh's Book Emporium.
 14932 | D:14     | Reached skill level 5 in Evocations
 15671 | D:15     | Entered Level 15 of the Dungeon
 15671 | D:15     | Found a shimmering altar of Xom.
 16112 | D:15     | Reached skill level 16 in Axes
 16575 | D:15     | Found a staircase to the Depths.
 16752 | D:15     | Received a gift from Trog
 17025 | D:15     | Reached skill level 17 in Axes
 17034 | D:15     | Reached XP level 15. HP: 98/98 MP: 15/15
 17513 | Lair:1   | Entered Level 1 of the Lair of Beasts
 18457 | Lair:2   | Found a sparkling altar of Nemelex Xobeh.
 19236 | Lair:3   | Found a hole to the Spider Nest.
 19519 | Lair:3   | Found a staircase to the Shoals.
 20061 | Lair:4   | Reached skill level 18 in Axes
 20098 | Lair:4   | Reached ****** piety under Trog
 20849 | Lair:5   | Received a gift from Trog
 21486 | Lair:6   | Entered Level 6 of the Lair of Beasts
 21555 | Lair:6   | Noticed Rupert
 21796 | Lair:6   | Reached XP level 16. HP: 104/104 MP: 16/16
 21809 | Lair:6   | Killed Rupert
 21809 | Lair:6   | Reached skill level 5 in Shields
 21842 | Lair:6   | Found a staircase to the Slime Pits.
 21852 | Lair:6   | Received a gift from Trog
 21911 | Lair:6   | Found a runed translucent gate.
 21911 | Lair:6   | Found a runed translucent gate.
 21911 | Lair:6   | Found a runed translucent gate.
 22299 | Lair:6   | Reached skill level 5 in Dodging
 22327 | Lair:6   | Got a pair of crude gloves
 22544 | Lair:6   | Noticed Kirke
 22559 | Lair:6   | Killed Kirke
 22729 | Lair:6   | Noticed emiel's ghost (journeyman BaWr)
 22896 | Orc:1    | Entered Level 1 of the Orcish Mines
 22904 | D:9      | Identified the +3 pair of gloves of Efil Dio {*Contam rN+
                  | rCorr} (You found it on level 6 of the Lair of Beasts)
 22987 | Orc:1    | Received a gift from Trog
 23238 | Orc:2    | Entered Level 2 of the Orcish Mines
 23238 | Orc:2    | Found Vograat's Armour Shoppe.
 23238 | Orc:2    | Found a gate leading to a gauntlet.
 23268 | Orc:2    | Found a staircase to the Elven Halls.
 23279 | Gauntlet | Entered a Gauntlet
 23279 | Gauntlet | Found a transporter.
 23297 | Gauntlet | Found a transporter.
 23342 | Gauntlet | Found a transporter.
 23349 | Gauntlet | Got a crude cloak
 23383 | Gauntlet | Found a transporter.
 23389 | Gauntlet | Got a vibrating glass ring
 23463 | Gauntlet | Identified the -5 cloak "Yrhi" {*Slow +Fly rN+ Dex+5} (You
                  | found it in a Gauntlet)
 23473 | Orc:2    | Found Ogiomma's Book Shoppe.
 23777 | Orc:2    | Found Xynu's Jewellery Shoppe.
 23892 | Orc:2    | Found Japu's General Store.
 23900 | Orc:2    | Bought a scroll of magic mapping for 38 gold pieces
 23900 | Orc:2    | Bought a scroll of identify for 22 gold pieces
 23900 | Orc:2    | Identified the ring "Ihegg" {+Fly rF+ MR- Int+2} (You found
                  | it in a Gauntlet)
 24029 | Orc:2    | Found Zeres's Book Shop.
 24041 | Orc:2    | Paralysed by an orc sorcerer for 2 turns
 24081 | Orc:2    | Found an ancient bone altar of Kikubaaqudgha.
 24081 | Orc:2    | Noticed Nergalle
 24102 | Orc:2    | Killed Nergalle
 24118 | Orc:2    | Found Vucri Jasa's Gadget Boutique.
 24131 | Orc:2    | Found a radiant altar of Vehumet.
 24189 | Orc:2    | Found a roughly hewn altar of Beogh.
 24189 | Orc:2    | Found Wawaa's Distillery.
 24248 | Orc:2    | Found Olavuil's Antique Weapon Shop.
 24249 | Orc:2    | Bought a potion of heal wounds for 90 gold pieces
 24249 | Orc:2    | Bought a potion of degeneration for 18 gold pieces
 24249 | Orc:2    | Bought a potion of curing for 54 gold pieces
 24249 | Orc:2    | Bought a potion of magic for 144 gold pieces
 24249 | Orc:2    | Bought a potion of curing for 54 gold pieces
 24249 | Orc:2    | Bought a potion of heal wounds for 90 gold pieces
 24574 | Spider:1 | Entered Level 1 of the Spider Nest
 24611 | Spider:1 | Found a transporter.
 24651 | Spider:1 | Received a gift from Trog
 24872 | Spider:1 | Found a transporter.
 25221 | Spider:2 | Reached XP level 17. HP: 111/111 MP: 17/17
 25514 | Spider:2 | Reached skill level 19 in Axes
 25748 | Spider:2 | You are sucked into a shaft and drop 1 floor!
 25811 | Spider:3 | Received a gift from Trog
 26000 | Spider:3 | Found a runed translucent gate.
 26001 | Spider:3 | Found a runed translucent gate.
 26002 | Spider:3 | Found a runed translucent gate.
 26004 | Spider:3 | Noticed olaf's ghost (adept GnFE)
 26669 | Spider:4 | Entered Level 4 of the Spider Nest
 26842 | Spider:4 | Reached skill level 10 in Evocations
 27046 | Spider:4 | Noticed Nikola
 27064 | Spider:4 | Killed Nikola
 27742 | Spider:4 | Received a gift from Trog
 28002 | Spider:4 | Got a gossamer rune of Zot
 28182 | Shoals:1 | Entered Level 1 of the Shoals
 28196 | Lair:3   | Reached XP level 18. HP: 116/118 MP: 18/18
 28648 | Shoals:1 | Reached skill level 15 in Fighting
 29377 | Shoals:2 | Noticed Fonteq's ghost (journeyman MiBe)
 29384 | Shoals:2 | Noticed Polyphemus
 29404 | Shoals:2 | Killed Polyphemus
 29404 | Shoals:2 | Reached skill level 20 in Axes
 29409 | Shoals:2 | Received a gift from Trog
 29488 | Shoals:2 | Noticed Louise
 29503 | Shoals:2 | Killed Louise
 29557 | Shoals:2 | Found a runed translucent gate.
 29557 | Shoals:2 | Found a runed translucent gate.
 29558 | Shoals:2 | Found a runed translucent gate.
 29609 | Shoals:2 | Found Cocuexim's Assorted Antiques.
 29640 | Shoals:2 | Bought a scroll labeled YKOCOG IJAS for 34 gold pieces
 29640 | Shoals:2 | Bought a potion of curing for 102 gold pieces
 29640 | Shoals:2 | Bought a scroll of enchant armour for 255 gold pieces
 29640 | Shoals:2 | Bought a potion of curing for 102 gold pieces
 29640 | Shoals:2 | Bought a potion of berserk rage for 170 gold pieces
 30419 | Shoals:3 | Noticed Bai Suzhen
 30429 | Shoals:3 | Killed Bai Suzhen
 30597 | Shoals:3 | Noticed Ilsuiw
 30679 | Shoals:3 | Killed Ilsuiw
 31556 | Shoals:4 | Entered Level 4 of the Shoals
 31974 | Shoals:4 | Reached XP level 19. HP: 78/125 MP: 19/19
 32714 | Shoals:4 | Received a gift from Trog
 33153 | Shoals:4 | Got a barnacled rune of Zot
 33416 | Shoals:2 | Killed Fonteq's ghost
 33595 | Spider:3 | Killed olaf's ghost
 33848 | Spider:1 | Identified the amulet of Foolhardiness {Faith Int+2} (You
                  | found it on level 1 of the Spider Nest)
 33850 | Spider:1 | Got a glittering silver ring
 33981 | Lair:6   | Killed emiel's ghost
 33986 | Lair:6   | Identified the ring of Ubbiafar {*Tele +Blink Str-5 Int+7
                  | SInv} (You found it on level 1 of the Spider Nest)
 34209 | D:9      | Killed Azzok's ghost
 34234 | D:9      | Got a shimmering helmet
 34461 | D:14     | Got a scintillating lapis lazuli ring
 34662 | Elf:1    | Entered Level 1 of the Elven Halls
 34697 | Elf:1    | Reached skill level 21 in Axes
 34901 | Elf:1    | Found Taiguz's Magic Scroll Boutique.
 34907 | Elf:1    | Bought a scroll of enchant armour for 120 gold pieces
 34907 | Elf:1    | Bought a scroll of identify for 32 gold pieces
 34907 | Elf:1    | Bought a scroll of identify for 32 gold pieces
 34907 | Elf:1    | Bought a scroll of enchant armour for 120 gold pieces
 34909 | Elf:1    | Identified the +1 helmet of Hubris {Harm Rampage Str+8
                  | Stlth-} (You found it on level 9 of the Dungeon)
 34910 | Elf:1    | Identified the ring "Hytuatt" {Wiz rC+ Int+4} (You found it
                  | on level 14 of the Dungeon)
 35770 | Elf:2    | Received a gift from Trog
 35842 | Elf:2    | Reached XP level 20. HP: 132/132 MP: 6/20
 35854 | Elf:2    | Found a frozen archway.
 35874 | IceCv    | Entered an ice cave
 36146 | IceCv    | Identified Sulunol's Catalogue of Nocuous Unholy Secrets
 36377 | Elf:2    | Found a runed translucent gate.
 36377 | Elf:2    | Found a runed translucent gate.
 36377 | Elf:2    | Found a runed translucent gate.
 36589 | Elf:2    | Cast into level 2 of the Abyss (a deep elf demonologist)
 36599 | Abyss:3  | Found a corrupted altar of Lugonu.
 36735 | Elf:2    | Escaped the Abyss
 37047 | Elf:2    | Received a gift from Trog
 37048 | Elf:2    | Reached skill level 15 in Armour
 37437 | Elf:3    | Entered Level 3 of the Elven Halls
 37592 | Elf:3    | Noticed a Tzitzimitl
 38214 | Elf:3    | Reached skill level 22 in Axes
 38399 | Elf:3    | Noticed Saint Roka
 38472 | Elf:3    | Received a gift from Trog
 38633 | Elf:3    | Reached XP level 21. HP: 133/140 MP: 21/21
 38815 | Elf:3    | Identified the +7 demon trident "Worm's Wrath" {freeze,
                  | Str+2 Stlth+}
 38815 | Elf:3    | Identified the +0 leather armour of the Quahog {Rampage
                  | Dex+5}
 38918 | Elf:3    | Identified the ring of Niphieg {rC+ Dex+6}
 39035 | Elf:3    | Found the +8 frozen axe "Frostbite" {freezing cloud, *Noise
                  | +Fly rC+}
 39069 | Elf:3    | Acquired 826 gold pieces
 39473 | Elf:3    | Killed Saint Roka
 39914 | Vaults:1 | Entered Level 1 of the Vaults
 40140 | Vaults:1 | Received a gift from Trog
 40294 | Vaults:1 | Identified the Papyrus of Black Arts
 41048 | Vaults:1 | Reached skill level 23 in Axes
 41363 | Vaults:2 | Received a gift from Trog
 41422 | Vaults:2 | Got a scorched battleaxe {god gift}
 41428 | Vaults:2 | Identified the +12 battleaxe of Prescription {flame, MR+
                  | Int+4} (Trog gifted it to you on level 2 of the Vaults)
 41460 | Vaults:2 | Found a sacrificial altar of Ru.
 41743 | Vaults:2 | Reached XP level 22. HP: 148/148 MP: 20/22
 41786 | Vaults:2 | Found a transporter.
 41787 | Vaults:2 | Found a shimmering blue altar of Sif Muna.
 41844 | Vaults:2 | Paralysed by a wizard for 2 turns
 41856 | Vaults:2 | Noticed Jory
 41867 | Vaults:2 | Killed from afar by Jory

Illustrated notes

Levels and vault maps discovered:
D:1:      lightli_arrival_boilingwater, layout_loops_ring
D:2:      layout_basic, nicolae_overflow_hidden_temple, grunt_ministairs_9
D:3:      layout_loops_ring, nemelex_xobeh_ov_fountains_minmay, uniq_robin
D:4:      layout_loops_ring, evilmike_ruin_ashenzari, marbit_many_paths,
          gammafunk_temple_overflow_wave, ebering_ghost_sewer_d,
          dk_noncrumbling_3, uniq_crazy_yiuf_cottage
D:5:      layout_loops_ring, good_gods_temple_1, lemuel_doored_altar,
          minivault_23, chequers_avenue, uniq_eustachio, uniq_edmund,
          uniq_prince_ribbit1, uniq_ijyb, uniq_blork_the_orc
D:6:      minmay_evil_eye, layout_rooms, vehumet_statue, temple_green,
          serial_shops, nicolae_shop_stone, hangedman_abyss_or_decor_lesser_grid
D:7:      layout_rooms, old_standard_altar, uniq_menkaure, uniq_maggie
D:8:      layout_rooms, eat_drink_and_be_merry_uskayaw,
          nicolae_overflow_crystal_walls, gammafunk_ghost_nasty_kobolds,
          nicolae_qazlal_general_emergency
D:9:      layout_roguey, grunt_dithmenos_smoke, old_standard_altar,
          hiddenorc1_lemuel, biasface_ghost_orc_armoury, serial_shops, shop,
          makhleb_heckhound_becter
D:10:     layout_loops_cross, lair_entry_dummy, minmay_door_square,
          uniq_josephine, uniq_maurice
D:11:     layout_grid_maze
D:12:     minmay_the_grid_square_5x5_5x5
          [minmay_the_grid_square_5x5_fancy_junction,
          minmay_the_grid_square_5x5_tetrominoes,
          minmay_the_grid_square_5x5_eight,
          minmay_the_grid_square_5x5_checkered_sparse,
          minmay_the_grid_square_5x5_hollow_slash,
          minmay_the_grid_square_5x5_n_small,
          minmay_the_grid_square_5x5_prize_open,
          minmay_the_grid_square_5x5_beaten_path,
          minmay_the_grid_square_5x5_prize_waves,
          minmay_the_grid_square_5x5_two_walls_a,
          minmay_the_grid_square_5x5_inverted_slash,
          minmay_the_grid_square_5x5_inner_v,
          minmay_the_grid_square_5x5_prize_open,
          minmay_the_grid_square_5x5_minivault,
          minmay_the_grid_square_5x5_hourglass,
          minmay_the_grid_square_5x5_minibox,
          minmay_the_grid_square_5x5_prize_itemx,
          minmay_the_grid_square_5x5_minimal,
          minmay_the_grid_square_5x5_prize_open,
          minmay_the_grid_square_5x5_three_small,
          minmay_the_grid_square_5x5_seven, minmay_the_grid_square_5x5_inner_z,
          minmay_the_grid_square_5x5_spiral_small,
          minmay_the_grid_square_5x5_inner_i, minmay_the_grid_square_5x5_slash],
          layout_basic
D:13:     layout_stronghold, uniq_erolcha
D:14:     layout_stronghold, david_vaults_1, serial_shops, shop,
          minmay_misc_feat_iff, ebering_dispersal_statue_hall,
          due_unseen_surprise
D:15:     gammafunk_depths_entry_grave, layout_basic, basic_altar
Lair:1:   layout_hall_layers, serial_bayou_pond_d
Lair:2:   kb_forest_paths, layout_long_grid, serial_bayou, serial_bayou_pond_e,
          serial_bayou_lake_a, serial_bayou_pond_c, serial_bayou_pond_d,
          serial_bayou_pond_b, serial_bayou_pond_e, basic_altar
Lair:3:   layout_cave_pods, elwin_shoals_entry_rocks, spider_nest_entry_a
Lair:4:   layout_gridlike
Lair:5:   lemuel_reptile_caves, layout_misc_corridors, serial_bayou,
          serial_bayou_pond_d, serial_bayou_pond_d, serial_bayou_shore_b,
          serial_bayou_pond_e, lemuel_fruit_fields
Lair:6:   gammafunk_lair_ancient_temple, layout_gridlike, slime_dummy,
          ebering_ghost_rock_garden, uniq_rupert, uniq_kirke
Shoals:1: layout_shoals
Shoals:2: layout_shoals, gammafunk_ghost_split, serial_shops,
          nicolae_shop_stone, nicolae_shoals_this_corrosion, uniq_polyphemus,
          uniq_louise
Shoals:3: layout_shoals, nicolae_shoals_siren_and_animal_friends, uniq_ilsuiw,
          uniq_bai_suzhen
Shoals:4: shoals_end_grunt_ice, layout_shoals, shoals_ilsuiw_alternative
Spider:1: gammafunk_sealed_arena, guppyfry_spider_mini_3
Spider:2: layout_chambers
Spider:3: layout_spider_delve, ebering_ghost_rock_garden
Spider:4: grunt_spider_rune_circles, nicolae_spider_ant_collections, uniq_nikola
Orc:1:    layout_caves
Orc:2:    kennysheep_orc_mage_school, layout_diamond_mine, serial_shops, shop,
          nicolae_shop_waterfront, shop, nicolae_shop_trees,
          gauntlet_entry_generic
Elf:1:    eino_elf_arrival_customs, layout_geoelf_grid, serial_shops,
          nicolae_shop_stone, hangedman_elf_disciples, grunt_megastairs_3
Elf:2:    layout_geoelf_diagonals, portal_ice_cave_entry_frozen_things
Elf:3:    minmay_elf_hall_dome, layout_loops_corners, lemuel_statue_altar,
          uniq_saint_roka
Vaults:1: serial_ice_b, vaults_dpeg_hooks, v_misc_5,
          nicolae_vaults_mini_display_case, vaults_room_grunt_arrival_ludios,
          nicolae_vaults_border_crossing, layout_vaults_quadrants
Vaults:2: gammafunk_sealed_library, nicolae_vaults_network_square,
          ontoclasm_vaults_misaligned, vaults_standard_mumra_enter_the_diamond,
          v_misc_33, grunt_vaults_hallway_long, v_misc_16, grunt_vaults_swirl,
          v_pattern_4, hangedman_vaults_trim, grunt_vaults_hallway_short,
          nicolae_vaults_circle_grid_b, layout_vaults_omnibox, basic_altar,
          uniq_jory

Skill      XL: |  1  2  3  4  5  6  7  8  9 10 11 12 13 14 15 16 17 18 19 20 21 22 |
---------------+-------------------------------------------------------------------+-----
Axes           | 3 4 5 7 9 10 11 13 15 17 18 19 20 21 22 23 | 23.4
Dodging        | 2 3 4 5 6 |  6.0
Shields        | 1 2 3 4 6 |  6.0
Armour         | 3 4 6 7 8 10 11 12 13 14 15 | 15.0
Fighting       | 4 5 6 7 9 10 12 13 14 15 16 17 18 | 18.8
Evocations     | 3 4 6 8 9 10 11 12 13 | 13.0

Action                   |  1- 3 |  4- 6 |  7- 9 | 10-12 | 13-15 | 16-18 | 19-21 | 22-24 || total
-------------------------+-------+-------+-------+-------+-------+-------+-------+-------++-------
Melee: Hand axe          |    98 |   230 |   264 |       |       |       |       |       ||   592
       Dire flail        |       |       |    33 |       |       |       |       |       ||    33
       Broad axe         |       |       |   186 |   627 |  1162 |  1934 |   390 |       ||  4299
       Mace              |       |       |       |     6 |    17 |       |       |       ||    23
       Battleaxe         |       |       |       |       |    24 |     6 |       |       ||    30
       War axe           |       |       |       |       |       |       |  1540 |    78 ||  1618
Invok: Berserk           |       |     7 |    13 |    16 |    20 |    22 |    25 |     1 ||   104
       Trog's Hand       |       |       |     3 |    10 |    13 |    30 |    33 |     2 ||    91
       Brothers in Arms  |       |       |       |       |       |     3 |       |     1 ||     4
 Abil: Fly               |       |       |       |       |     1 |       |       |       ||     1
Evoke: Wand              |       |       |       |     1 |     5 |     8 |     8 |       ||    22
       Box of beasts     |       |       |       |       |       |     4 |       |       ||     4
       Lightning rod     |       |       |       |       |       |     3 |     2 |       ||     5
  Use: Scroll            |       |       |     6 |     8 |    11 |    14 |    16 |     1 ||    56
       Potion            |       |       |       |     1 |       |     1 |       |     1 ||     3
 Stab: Sleeping          |       |     1 |       |       |       |       |       |       ||     1
       Distracted        |       |       |       |     1 |       |     1 |       |       ||     2
       Petrified         |       |       |       |       |       |     6 |       |       ||     6
Armor: Animal skin       |    27 |    89 |    36 |       |       |       |       |       ||   152
       Crystal plate arm |       |       |   475 |   705 |  1072 |  2137 |   986 |    47 ||  5422
       Skin              |       |       |       |       |       |       |     3 |       ||     3
Dodge: Dodged            |    58 |   140 |   136 |   146 |   318 |   372 |   256 |    12 ||  1438
Block: Buckler           |     5 |    31 |   107 |   157 |   126 |       |       |       ||   426
       Kite shield       |       |       |       |       |    11 |   762 |       |       ||   773
       Tower shield      |       |       |       |       |       |   389 |  1391 |    65 ||  1845

Table legend: (Time is in decaauts)
 A = Elapsed time spent in this place.
 B = Non-inter-level travel time spent in this place.
 C = Inter-level travel time spent in this place.
 D = Time resting spent in this place.
 E = Time spent auto-exploring this place.
 F = Levels seen in this place.
 G = Mean time per level.
                   A        B        C        D        E       F      G
               +--------+--------+--------+--------+--------+-----+--------+
         Total |  41933 |  38826 |   3107 |   1039 |  26490 |  40 | 1048.3 |
       Dungeon |  18880 |  17331 |   1549 |    571 |  12824 |  15 | 1258.7 |
          Lair |   5706 |   5148 |    558 |    216 |   3853 |   6 |  951.0 |
        Shoals |   5028 |   4827 |    201 |    123 |   3044 |   4 | 1257.0 |
   Spider Nest |   3806 |   3542 |    264 |     43 |   2216 |   4 |  951.5 |
  Orcish Mines |   1356 |   1267 |     89 |      7 |    831 |   2 |  678.0 |
   Elven Halls |   4434 |   4021 |    413 |     15 |   2420 |   3 | 1478.0 |
        Vaults |   1926 |   1896 |     30 |      0 |   1187 |   2 |  963.0 |
         Abyss |    151 |    151 |      0 |      0 |      0 |   2 |   75.5 |
      Ice Cave |    435 |    435 |      0 |      0 |    115 |   1 |  435.0 |
      Gauntlet |    205 |    205 |      0 |     64 |      0 |   1 |  205.0 |
               +--------+--------+--------+--------+--------+-----+--------+

Top non-repeatable levels by time:
   Elf:3: 2052 daAuts
    D:12: 1791 daAuts
     D:5: 1786 daAuts
Shoals:4: 1754 daAuts
    D:11: 1708 daAuts
    D:14: 1496 daAuts
    D:13: 1474 daAuts
Vaults:1: 1422 daAuts
    D:10: 1408 daAuts
Spider:4: 1386 daAuts
    D:15: 1369 daAuts
     D:3: 1343 daAuts
     D:9: 1308 daAuts
   Elf:2: 1216 daAuts
Shoals:3: 1215 daAuts
